 Dungeon Crawl Stone Soup version 0.17-a0-1655-g88a8506 (webtiles) character file.

88811 Goblin1989 the Earth Mage (level 15, 0/134 HPs)
             Began as a Deep Dwarf Earth Elementalist on Aug 6, 2015.
             Was the Champion of Makhleb.
             Slain by an anaconda (1 damage)
             ... on level 2 of the Snake Pit on Aug 15, 2015.
             The game lasted 06:58:41 (51090 turns).

Goblin1989 the Earth Mage (DDEE)                   Turns: 51090, Time: 06:58:41

Health: 0/134      AC: 19    Str: 14    XL:     15   Next: 47%
Magic:  3/34       EV: 12    Int: 20    God:    Makhleb [******]
Gold:   275        SH:  0    Dex: 13    Spells: 8 memorised, 4 levels left

rFire  . . .     SeeInvis .     N - +1 hand axe (elec)
rCold  . . .     Clarity  +     i - quicksilver dragon armour
rNeg   + . .     SustAt   .     (no shield)
rPois  +         Gourm    +     D - +1 helmet
rElec  .         Spirit   .     C - +0 cloak
rCorr  .         Warding  .     H - +0 pair of gloves
rMut   .         Stasis   .     X - +2 pair of boots
MR     ++++.                    R - amulet of the gourmand
Stlth  +.........               c - ring of poison resistance
                                m - ring of magical power

@: non-regenerating, constricted, incredibly resistant to hostile enchantments,
very unstealthy
A: damage resistance, recharge devices, clarity, magic resistance 1, negative
energy resistance 1, sense surroundings 2, slow healing 3
a: Device Recharging, Minor Destruction, Lesser Servant of Makhleb, Major
Destruction, Greater Servant of Makhleb, Renounce Religion


You were on level 2 of the Snake Pit.
You worshipped Makhleb.
Makhleb was exalted by your worship.
You were full.

You visited 4 branches of the dungeon, and saw 26 of its levels.

You collected 3154 gold pieces.
You spent 2879 gold pieces at shops.

Inventory:

Hand weapons
 N - a +1 hand axe of electrocution (weapon)
Missiles
 a - 497 stones
Armour
 i - a quicksilver dragon armour (worn)
 C - a +0 cloak (worn)
 D - a +1 helmet (worn)
 H - a +0 pair of gloves (worn)
 X - a +2 pair of boots (worn)
Magical staves
 d - an uncursed staff of energy
Jewellery
 c - a ring of poison resistance (right hand)
 j - an uncursed ring of invisibility
 m - a ring of magical power (left hand)
 t - an uncursed ring of protection from fire
 E - the amulet of Vanity {Ward rF++ rN+ Str+2}
   (You found it on level 5 of the Lair of Beasts)

   [amulet of warding]

   It may prevent the melee attacks of summoned creatures.
   It affects your strength (+2).
   It greatly protects you from fire.
   It protects you from negative energy.
 R - an amulet of the gourmand (around neck)
 V - an uncursed ring of sustain attributes
Magical devices
 e - a wand of slowing (25)
 l - a wand of heal wounds (5) (quivered)
 q - a wand of digging (0)
 w - a wand of frost (37)
 x - a wand of slowing (24)
 z - a wand of digging (8)
 F - a wand of digging (4)
 W - a wand of flame (8)
Scrolls
 g - a scroll of identify
 h - a scroll of fog
 p - 7 scrolls of teleportation
 y - 11 scrolls of remove curse
 B - a scroll of recharging
 K - 4 scrolls of magic mapping
 Y - 2 scrolls of blinking
Potions
 b - a potion of flight
 k - 5 potions of agility
 n - 4 potions of brilliance
 o - 4 potions of curing
 r - 7 potions of heal wounds
 s - a potion of resistance
 v - 3 potions of haste
 M - a potion of cancellation
Miscellaneous
 u - a lantern of shadows
 A - a fan of gales
 G - a box of beasts {used: 1}
Comestibles
 f - 14 meat rations


   Skills:
 + Level 8.9 Fighting
 - Level 5.1 Armour
 - Level 9.0 Dodging
 - Level 2.4 Stealth
 + Level 9.4 Spellcasting
 * Level 13.2 Conjurations
 - Level 3.8 Transmutations
 + Level 17.9 Earth Magic
 - Level 6.5 Invocations
 - Level 8.0 Evocations


You had 4 spell levels left.
You knew the following spells:

 Your Spells              Type           Power        Failure   Level  Hunger
a - Sandblast             Erth           ######       0%          1    None
b - Stone Arrow           Conj/Erth      ######       1%          3    None
c - Stoneskin             Trmt/Erth      ######..     1%          2    None
d - Passwall              Trmt/Erth      ######....   1%          3    None
e - Repel Missiles        Chrm/Air       #.....       24%         2    None
f - Lee's Rapid Deconstr  Erth           ######....   1%          5    #####..
g - Petrify               Trmt/Erth      ######..     1%          4    ###....
h - Lehudib's Crystal Sp  Conj/Erth      ######....   99%         8    #######


Dungeon Overview and Level Annotations

Branches:
Dungeon (13/15)            Temple (0/1) D:7            Lair (7/8) D:8
 Shoals (0/4) Lair:6        Snake (2/4) Lair:5        Slime (0/6) Lair:6
    Orc (4/4) D:12            Elf (0/3) Orc:3
 Vaults: D:13-14

Altars:
Ashenzari
Cheibriados
Dithmenos
Elyvilon
Fedhas
Gozag
Makhleb
Nemelex Xobeh
Okawaru
Xom
Zin
The Shining One
Beogh

Shops:
D:5 !   D:8 [   D:9 *   Orc:2 *   Orc:4 :*[(


Innate Abilities, Weirdness & Mutations

You are resistant to damage.
You can recharge devices by infusing magical energy.
You resist negative energy.
You passively map the area around you.
You do not heal naturally.
You possess an exceptional clarity of mind.
You are resistant to hostile enchantments.


Message History

The anaconda barely misses you. The anaconda constricts you.
The anaconda bites you.
* * * LOW HITPOINT WARNING * * *
The anaconda constricts you.
You completely miss the anaconda.
The anaconda is almost dead.
The anaconda misses you. The anaconda constricts you. The anaconda bites you!
* * * LOW HITPOINT WARNING * * *
The anaconda constricts you. The anaconda bites you.
The anaconda constricts you.
You closely miss the anaconda.
The anaconda is almost dead.
The anaconda bites you but does no damage.
The anaconda constricts you. The anaconda barely misses you.
The anaconda constricts you.
You barely miss the anaconda.
The anaconda is almost dead.
The anaconda bites you!
* * * LOW HITPOINT WARNING * * *
You die...

, .........###
*....###..# ,. ..#
#..# , #.###.##
##.##.##..#
#.........##
#..........#######
........#..##....#
##......#......S@#
#......##.##....#
#########.##....#
#.......#
####....# #....#
#....# ######


You could see an anaconda.

Vanquished Creatures
  A fire giant (shapeshifter) (D:13)
  Louise (Snake:1)
  An orc warlord (Orc:4)
  Nessos (Lair:7)
  Erolcha (D:8)
  3 naga warriors (Snake:1)
  5 anacondas (Snake:1)
  8 hydras
  Erica (D:8)
  4 orc high priests (Orc:4)
  2 naga sharpshooters (Snake:1)
  3 orc knights (Orc:4)
  An ice statue (Snake:1)
  A deep troll (D:13)
  2 naga ritualists (Snake:1)
  4 ugly things
  A griffon (Lair:7)
  4 mana vipers
  5 hill giants
  4 orc sorcerers
  2 cyclopes (D:13)
  2 salamanders (Snake:1)
  A manticore (D:12)
  8 elephants
  Maurice (D:9)
  14 black mambas
  A black mamba (shapeshifter) (D:11)
  A kobold demonologist (D:13)
  3 naga magi (Snake:1)
  9 spiny frogs
  3 fire drakes
  10 komodo dragons
  A polar bear (Lair:2)
  6 blink frogs
  Grinder (D:6)
  2 two-headed ogres
  6 trolls
  A snapping turtle (Lair:6)
  A blink frog (shapeshifter) (D:13)
  A wraith (D:10)
  12 hippogriffs
  A hill giant zombie (D:12)
  A deep elf mage (D:12)
  59 yaks
  2 wyverns
  2 hungry ghosts
  2 steam dragons
  Menkaure (D:4)
  4 basilisks
  16 wolves
  A soldier ant (D:12)
  A warg (Orc:4)
  7 nagas (Snake:1)
  5 sky beasts
  13 porcupines
  36 orc warriors
  17 water moccasins
  4 ice beasts
  2 necrophages
  2 wasps
  9 ogres
  An eye of draining (D:13)
  5 phantoms
  6 centaurs
  13 crocodiles
  6 big kobolds
  17 giant frogs
  A wyvern zombie (D:10)
  3 scorpions
  A water moccasin zombie (D:8)
  A wyvern skeleton (D:12)
  A troll zombie (D:12)
  10 wights
  An electric eel (Lair:6)
  20 killer bees
  6 hounds
  A lava snake (D:12)
  5 crimson imps
  2 giant frog zombies (D:6)
  A quasit (D:8)
  4 centaur skeletons
  4 centaur zombies
  18 iguanas
  9 jellies
  39 orc priests
  8 worker ants
  A gnoll shaman (D:8)
  37 orc wizards
  3 giant frog skeletons
  5 hell rats (Lair:6)
  A killer bee zombie (D:10)
  11 sheep
  6 ogre zombies (D:12)
  A hound zombie (D:5)
  4 worker ant zombies
  15 adders
  5 gnolls (D:8)
  A hound skeleton (D:9)
  4 shadow imps
  98 river rats
  12 white imps (Lair:4)
  4 oozes
  2 adder skeletons
  2 adder zombies
  4 worms
  5 giant geckos
  176 orcs
  2 ball pythons
  10 bats
  4 giant cockroaches
  4 hobgoblins (D:1)
  20 jackals
  A quokka (D:8)
  10 giant newts
  5 goblins
  2 goblin skeletons (D:12)
  A goblin zombie (D:12)
  3 hobgoblin skeletons (D:12)
  2 hobgoblin zombies (D:12)
  26 kobolds
  3 orc skeletons (D:12)
  14 orc zombies (D:12)
  A quokka skeleton (D:4)
  6 rats
  A fungus (Lair:3)
  7 plants
1026 creatures vanquished.

Vanquished Creatures (collateral kills)
  A shock serpent (Snake:2)
  A mana viper (Snake:2)
  3 black mambas
  2 elephants (Lair:4)
  A naga mage (Snake:2)
  4 orcs (Orc:4)
12 creatures vanquished.

Vanquished Creatures (others)
  A boulder beetle (Lair:6)
  A porcupine (Lair:6)
  2 hell rats (Lair:6)
  A river rat (Lair:6)
  25 fungi
  9 plants
39 creatures vanquished.

Grand Total: 1077 creatures vanquished

Notes
Turn   | Place    | Note
--------------------------------------------------------------
     0 | D:1      | Goblin1989 the Deep Dwarf Earth Elementalist began the quest for the Orb.
     0 | D:1      | Reached XP level 1. HP: 15/15 MP: 3/3
   272 | D:1      | Reached XP level 2. HP: 14/22 MP: 5/5
   840 | D:1      | Reached XP level 3. HP: 15/28 MP: 0/6
   962 | D:1      | Reached skill level 5 in Earth Magic
  1074 | D:2      | Found a burning altar of Makhleb.
  1075 | D:2      | Found a shattered altar of Ashenzari.
  1110 | D:2      | Found a shimmering altar of Xom.
  1110 | D:2      | Found a glowing golden altar of the Shining One.
  1115 | D:2      | Became a worshipper of Makhleb the Destroyer
  1149 | D:2      | Found a white marble altar of Elyvilon.
  1154 | D:2      | Found a shadowy altar of Dithmenos.
  1633 | D:3      | Noticed a scorpion
  1728 | D:3      | Reached XP level 4. HP: 34/36 MP: 7/7
  1922 | D:3      | Acquired Makhleb's first power
  2606 | D:3      | Reached skill level 6 in Earth Magic
  2873 | D:3      | Reached XP level 5. HP: 21/42 MP: 4/9
  2878 | D:3      | Learned a level 3 spell: Stone Arrow
  2881 | D:3      | Learned a level 2 spell: Stoneskin
  2885 | D:3      | Learned a level 3 spell: Passwall
  2959 | D:3      | Killed a scorpion
  3020 | D:3      | Reached skill level 1 in Fighting
  3115 | D:4      | Noticed Menkaure
  3387 | D:4      | Killed Menkaure
  3387 | D:4      | Reached skill level 7 in Earth Magic
  3387 | D:4      | Reached skill level 1 in Evocations
  3387 | D:4      | Reached XP level 6. HP: 50/52 MP: 7/10
  3477 | D:4      | Noticed a centaur
  3491 | D:4      | Killed a centaur
  3722 | D:4      | Found a sparkling altar of Nemelex Xobeh.
  4060 | D:5      | Entered Level 5 of the Dungeon
  4156 | D:5      | Acquired Makhleb's second power
  4273 | D:5      | Reached skill level 1 in Conjurations
  4302 | D:5      | Reached XP level 7. HP: 49/60 MP: 11/11
  4533 | D:5      | Found Urumneek's Distillery.
  4546 | D:5      | Bought a potion of agility for 56 gold pieces
  4546 | D:5      | Bought a potion of curing for 42 gold pieces
  4546 | D:5      | Bought a potion of flight for 42 gold pieces
  4546 | D:5      | Bought a potion of cancellation for 112 gold pieces
  4546 | D:5      | Bought a potion of lignification for 42 gold pieces
  4656 | D:5      | Reached skill level 8 in Earth Magic
  4672 | D:5      | Learned a level 2 spell: Repel Missiles
  4781 | D:5      | Bought 2 potions of mutation for 70 gold pieces
  5113 | D:6      | Reached skill level 9 in Earth Magic
  5113 | D:6      | Reached XP level 8. HP: 62/69 MP: 13/13
  5171 | D:6      | Noticed Grinder
  5612 | D:6      | Found a shimmering altar of Xom.
  5635 | D:6      | Reached skill level 10 in Earth Magic
  5652 | D:6      | Acquired Makhleb's third power
  6244 | D:6      | Killed Grinder
  6244 | D:6      | Gained mutation: You passively map the area around you. [Deep Dwarf growth]
  6244 | D:6      | Reached XP level 9. HP: 46/79 MP: 15/15
  6389 | D:7      | Found a staircase to the Ecumenical Temple.
  6715 | D:6      | Reached skill level 11 in Earth Magic
  6817 | D:6      | Learned a level 5 spell: Lee's Rapid Deconstruction
  7431 | D:7      | Reached skill level 5 in Spellcasting
  7949 | D:7      | Reached skill level 5 in Fighting
  8373 | D:8      | Noticed Erica
  8386 | D:8      | Killed Erica
  8386 | D:8      | Reached skill level 12 in Earth Magic
  8446 | D:8      | Acquired Makhleb's fourth power
  8626 | D:8      | Found a staircase to the Lair.
  8643 | D:8      | Reached XP level 10. HP: 81/88 MP: 1/16
  8647 | Lair:1   | Entered Level 1 of the Lair of Beasts
  8796 | Lair:1   | Upgraded the game from 0.17-a0-1636-g3119f2b to 0.17-a0-1637-g5d65775
  8824 | Lair:1   | Learned a level 4 spell: Petrify
  8893 | Lair:1   | Reached skill level 1 in Transmutations
  8897 | Lair:1   | Reached skill level 5 in Conjurations
 10289 | Lair:2   | Noticed an eight-headed hydra
 10327 | Lair:2   | Killed an eight-headed hydra
 10327 | Lair:2   | Reached skill level 13 in Earth Magic
 10658 | Lair:2   | Acquired Makhleb's fifth power
 10933 | Lair:2   | Upgraded the game from 0.17-a0-1637-g5d65775 to 0.17-a0-1642-gd4b747b
 10990 | Lair:2   | Reached XP level 11. HP: 99/99 MP: 18/18
 11358 | Lair:2   | Upgraded the game from 0.17-a0-1642-gd4b747b to 0.17-a0-1648-g0a089d4
 12723 | Lair:3   | Reached skill level 5 in Dodging
 13399 | Lair:3   | Reached skill level 14 in Earth Magic
 14400 | Lair:4   | Found a frozen archway.
 16075 | Lair:4   | Reached skill level 1 in Armour
 16075 | Lair:4   | Reached skill level 5 in Evocations
 16124 | Lair:4   | Got a transparent chain mail
 16135 | Lair:4   | Identified the +7 chain mail of Lifelessness {rPois} (You found it on level 4 of the Lair of Beasts)
 16224 | Lair:4   | Reached XP level 12. HP: 110/110 MP: 6/20
 16571 | Lair:5   | Found a staircase to the Snake Pit.
 17043 | Lair:5   | Got a flickering ivory amulet
 17056 | Lair:5   | Upgraded the game from 0.17-a0-1648-g0a089d4 to 0.17-a0-1651-gae1a69f
 17956 | Lair:5   | Noticed a five-headed hydra
 17969 | Lair:5   | Killed a five-headed hydra
 18218 | Lair:5   | Noticed an anaconda
 18489 | D:8      | Found an opulent altar of Gozag.
 18496 | D:8      | Noticed Erolcha
 18503 | D:8      | Killed Erolcha
 18758 | D:8      | Found Nannuul's Armour Shoppe.
 18764 | D:8      | Bought a quicksilver dragon armour for 660 gold pieces
 18929 | D:8      | Reached skill level 15 in Earth Magic
 19992 | D:9      | Found a snail-covered altar of Cheibriados.
 20182 | D:9      | Noticed a two-headed hydra
 20240 | D:9      | Killed a two-headed hydra
 20381 | D:9      | Noticed an angel
 20383 | D:9      | Found a glowing silver altar of Zin.
 20394 | D:9      | Found Citeaf Esi's Hallowed Reliquary.
 20422 | D:9      | Found a blossoming altar of Fedhas.
 20601 | D:10     | Entered Level 10 of the Dungeon
 20611 | D:10     | Noticed Maurice
 20793 | D:9      | Killed Maurice
 20793 | D:9      | Reached skill level 5 in Armour
 21933 | D:10     | Reached XP level 13. HP: 117/117 MP: 21/23
 22099 | Lair:1   | Learned a level 8 spell: Lehudib's Crystal Spear
 26532 | D:12     | Reached skill level 10 in Conjurations
 27086 | Lair:1   | Reached skill level 16 in Earth Magic
 28914 | D:12     | Found a staircase to the Orcish Mines.
 29004 | D:12     | Found a burning altar of Makhleb.
 29256 | Orc:1    | Entered Level 1 of the Orcish Mines
 29256 | Orc:1    | Found a burning altar of Makhleb.
 30269 | Orc:1    | Upgraded the game from 0.17-a0-1651-gae1a69f to 0.17-a0-1655-g88a8506
 30344 | Orc:2    | Found Nojaul's Assorted Antiques.
 30366 | Orc:2    | Bought a tapered fluorescent wand for 92 gold pieces
 30747 | Orc:3    | Found a staircase to the Elven Halls.
 30823 | Orc:3    | Found a roughly hewn altar of Beogh.
 31894 | Orc:3    | Found a roughly hewn altar of Beogh.
 32419 | Orc:4    | Entered Level 4 of the Orcish Mines
 32829 | Orc:4    | Found an iron altar of Okawaru.
 32856 | Orc:4    | Noticed an orc warlord
 34500 | Orc:4    | Gained mutation: You resist negative energy. [Deep Dwarf growth]
 34500 | Orc:4    | Reached XP level 14. HP: 86/126 MP: 10/24
 34859 | D:9      | Bought a wand of heal wounds (3) for 588 gold pieces
 34859 | D:9      | Bought 2 potions of heal wounds for 140 gold pieces
 34859 | D:9      | Bought 2 potions of heal wounds for 140 gold pieces
 34859 | D:9      | Bought a potion of cure mutation for 490 gold pieces
 34859 | D:9      | Bought a scroll of holy word for 105 gold pieces
 35977 | Orc:4    | Noticed an orc warlord
 38571 | Lair:6   | Found a staircase to the Shoals.
 38955 | Lair:6   | Found a staircase to the Slime Pits.
 39819 | Lair:7   | Reached skill level 17 in Earth Magic
 40789 | Lair:7   | Noticed Nessos
 40794 | Lair:7   | Killed Nessos
 42540 | Orc:4    | Killed an orc warlord
 43858 | Orc:4    | Reached skill level 1 in Invocations
 44755 | Orc:4    | Found Uqa Jyng's General Store.
 44760 | Orc:4    | Found Upyacuir's Book Boutique.
 44761 | Orc:4    | Found Gopsuog's Antique Armour Boutique.
 44761 | Orc:4    | Found Vullew's Antique Weapon Shop.
 44775 | Orc:4    | Bought 2 scrolls of silence for 180 gold pieces
 44775 | Orc:4    | Bought a potion of resistance for 120 gold pieces
 45054 | Lair:1   | Gained mutation: You possess an exceptional clarity of mind. [potion of beneficial mutation]
 45055 | Lair:1   | Gained mutation: You are resistant to hostile enchantments. [potion of beneficial mutation]
 45442 | D:13     | Reached skill level 5 in Invocations
 46594 | D:13     | Noticed a fire giant
 46611 | D:13     | Killed a fire giant
 47072 | Snake:1  | Entered Level 1 of the Snake Pit
 47373 | Lair:5   | Reached XP level 15. HP: 71/132 MP: 3/25
 48130 | Lair:1   | Identified the amulet of Vanity {Ward rF++ rN+ Str+2} (You found it on level 5 of the Lair of Beasts)
 49029 | Snake:1  | Noticed Louise
 50520 | Snake:1  | Killed Louise
 51090 | Snake:2  | HP: 1/134 [anaconda (9)]
 51090 | Snake:2  | Slain by an anaconda

Vault maps used:
D:1:      saegor_arrival_under_anarchy, minmay_stone_trees_small,
          hangedman_decor_peaks_small
D:2:      wad_lake_hut, nicolae_dithmenos_through_a_glass_darkly,
          elyvilon_altar_4, grunt_temple_overflow_open
D:4:      nemelex_deck, uniq_menkaure
D:5:      minmay_opposing_rooms, first_bread, serial_shops, shop
D:6:      basic_altar, grunt_ministairs_12, uniq_grinder
D:7:      minmay_temple_entry_mist
D:8:      kennysheep_little_box, lair_0_dummy, serial_shops, shop, uniq_erolcha,
          uniq_erica
D:9:      lemuel_doored_altar, old_standard_altar, hangedman_ranch,
          nicolae_good_shop
D:10:     uniq_maurice
D:11:     wad_cavern_with_rooms
D:12:     zombieorc2_lemuel, basic_altar
D:13:     david_vaults_4, serial_park_tiny_pond
Lair:2:   beast_lair_carwin_1
Lair:3:   beast_lair_carwin_large_2, st_stairs_7, minivault_23,
          infiniplex_staircase_pool_2
Lair:4:   portal_ice_cave_entry_imps, serial_bayou_pond_c
Lair:5:   dummy_snake_entry
Lair:6:   minmay_shoals_entry_hut, nicolae_slime_entry_slimehenge,
          serial_bayou_pond_d
Lair:7:   serial_forest, infiniplex_forest_clump_curved,
          infiniplex_forest_end_1, infiniplex_forest_lined_room_2,
          infiniplex_forest_clump_medium, infiniplex_forest_end_1,
          infiniplex_forest_end_3, uniq_nessos
Snake:1:  dpeg_stationary_puzzle, uniq_louise
Snake:2:  library_closet, statue_in_the_mist_lemuel
Orc:1:    basic_altar, nicolae_orc_bridge_out
Orc:2:    serial_shops, shop
Orc:3:    nicolae_orc_accident_2, basic_altar, nicolae_orc_pool_cavern
Orc:4:    st_orc_congregation, okawaru_metal_pillars_1_2

Action                   |  1- 3 |  4- 6 |  7- 9 | 10-12 | 13-15 || total
-------------------------+-------+-------+-------+-------+-------++-------
Melee: Unarmed           |    21 |       |       |       |       ||    21
       Hand axe          |    18 |       |       |       |   884 ||   902
       Whip              |    43 |       |       |       |       ||    43
       Short sword       |    45 |     3 |       |       |       ||    48
       Dagger            |    31 |    86 |    81 |   453 |   274 ||   925
       Flail             |       |       |     2 |       |       ||     2
       Staff             |       |       |       |       |    14 ||    14
 Fire: Blowgun           |       |       |    12 |    41 |       ||    53
Throw: Javelin           |       |       |       |    10 |       ||    10
 Cast: Sandblast         |    21 |    26 |   107 |     2 |       ||   156
       Stoneskin         |       |       |     7 |    29 |    50 ||    86
       Passwall          |       |       |     1 |       |       ||     1
       Stone Arrow       |       |       |    48 |   291 |   593 ||   932
       Repel Missiles    |       |       |     1 |     3 |     3 ||     7
       Lee's Rapid Decon |       |       |    12 |    82 |   337 ||   431
       Petrify           |       |       |       |    13 |    11 ||    24
Invok: Lesser Servant of |       |       |       |       |     6 ||     6
 Abil: Device Recharging |       |       |     2 |       |     1 ||     3
Evoke: Wand              |     3 |     1 |    11 |    41 |    43 ||    99
       Crystal ball of e |       |       |       |     1 |       ||     1
       Fan of gales      |       |       |       |     1 |       ||     1
       Box of beasts     |       |       |       |       |     1 ||     1
  Use: Scroll            |       |     3 |     2 |    10 |    11 ||    26
       Potion            |       |       |     1 |     2 |     9 ||    12
 Stab: Sleeping          |     1 |     6 |     1 |    12 |     1 ||    21
       Distracted        |       |       |       |     1 |       ||     1
       Petrified         |       |       |       |     3 |       ||     3
       Petrifying        |       |       |       |     2 |       ||     2
       Invisible         |       |       |       |       |     4 ||     4
  Eat: Chunk             |     3 |     4 |     9 |    76 |   149 ||   241
       Bread ration      |       |     1 |     1 |     2 |       ||     4
       Fruit             |       |       |     5 |     2 |       ||     7
       Beef jerky        |       |       |     1 |       |     1 ||     2
       Pizza             |       |       |     1 |       |       ||     1
       Meat ration       |       |       |       |       |     1 ||     1
